 Dungeon Crawl Stone Soup version 0.20-a0-792-g09bcfd3 (webtiles) character file.

78052 Alarkh the Fencer (level 15, -3/123 HPs)
             Began as a Demonspawn Monk on Feb 28, 2017.
             Was a High Priest of Okawaru.
             Killed by drain life
             ... invoked by a soul eater
             ... summoned by an orc high priest
              (11 damage)
             ... on level 2 of the Orcish Mines.
             The game lasted 00:50:38 (23379 turns).

Alarkh the Fencer (Demonspawn Monk)                Turns: 23379, Time: 00:50:38

Health: -3/123     AC: 31    Str: 16    XL:     15   Next: 17%
Magic:  16/17      EV: 22    Int: 17    God:    Okawaru [*****.]
Gold:   1319       SH:  0    Dex: 15    Spells: 9/14 levels left

rFire    . . .     SeeInvis +   a - +2 great sword (freeze)
rCold    + . .     Gourm    .   Q - +2 ring mail {rF+}
rNeg     . . .     Faith    .   (shield currently unavailable)
rPois    +         Spirit   .   n - +4 hat of Peek-a-Boo {+Inv}
rElec    .         Reflect  .   E - +2 cloak
rCorr    .         Harm     .   q - +2 pair of gloves
MR       +....     Clarity  +   (no boots)
Stlth    +++.......             (no amulet)
Regen    0.3/turn               P - ring "Lamum" {Ice +Inv rPois Str+3}
MPRegen  0.2/turn               i - ring of see invisible

@: lethally poisoned (-3 -> -7), heroism, sanguine armour
A: horns 2, clarity, mutation resistance 1, powered by death 2, spiny 2,
sanguine armour 3
a: Heroism, Finesse, Renounce Religion, Evoke Invisibility


You were on level 2 of the Orcish Mines.
You worshipped Okawaru.
Okawaru was extremely pleased with you.
You were not hungry.

You visited 4 branches of the dungeon, and saw 21 of its levels.
You also visited: Labyrinth and Bailey.

You collected 1838 gold pieces.
You spent 519 gold pieces at shops.

Inventory:

Hand Weapons
 a - a +2 great sword of freezing (weapon)
 b - the +6 dagger of True Grit {venom, Str+7}
   (You found it on level 8 of the Dungeon)

   It poisons the flesh of those it strikes.
   It affects your strength (+7).
Armour
 n - the +4 hat of Peek-a-Boo (worn) {+Inv}
   (Okawaru gifted it to you on level 4 of the Lair of Beasts)

   It lets you turn invisible.
 q - a +2 pair of gloves (worn)
 r - a +0 shield of reflection
 t - the +3 ring mail of the Harvest Moon {MR+ Dex-2 SInv}
   (You took it off a minotaur in a labyrinth)

   It affects your dexterity (-2).
   It affects your resistance to hostile enchantments.
   It lets you see invisible.
 E - a +2 cloak (worn)
 Q - a +2 ring mail of fire resistance (worn)
 S - a +2 shield of reflection
Jewellery
 i - a ring of see invisible (left hand)
 P - the ring "Lamum" (right hand) {Ice +Inv rPois Str+3}
   (You took it off a yaktaur captain on level 10 of the Dungeon)

   [ring of ice]

   It enhances your ice magic.
   It affects your strength (+3).
   It makes you vulnerable to fire.
   It protects you from cold.
   It protects you from poison.
   It lets you turn invisible.
Wands
 g - a wand of iceblast (3/15)
 I - a wand of acid (10/15)
 M - a wand of paralysis (2/24)
Scrolls
 e - 6 scrolls of identify
 f - 5 scrolls of remove curse
 j - 9 scrolls of teleportation
 l - a scroll of amnesia
 p - 6 scrolls of magic mapping
 u - a scroll of immolation
 x - a scroll of silence
 y - a scroll of torment
 C - a scroll of acquirement
 F - 2 scrolls of fog
 L - 2 scrolls of vulnerability
Potions
 h - 2 potions of haste
 k - 12 potions of curing
 w - a potion of berserk rage
 A - a potion of might
 D - 3 potions of heal wounds
 H - 3 potions of agility
 J - 2 potions of ambrosia
 R - a potion of flight
Comestibles
 c - 5 bread rations
 d - 11 chunks of flesh
 m - 2 royal jellies
 z - 4 fruits
 B - 3 meat rations


   Skills:
 + Level 13.0(18.0) Fighting
 - Level 16.0(21.0) Long Blades
 + Level 3.0(8.0) Armour
 + Level 11.8(16.8) Dodging
 + Level 4.0(9.0) Stealth
 * Level 7.2(12.2) Shields
 + Level 3.9 Invocations
 + Level 2.8 Evocations


You had 9 spell levels left.
You knew the following spells:

 Your Spells              Type           Power        Failure   Level  Hunger
r - Aura of Abjuration    Summ           #.........   100%        5    ######.


Dungeon Overview and Level Annotations

Branches:
Dungeon (12/15)            Temple (1/1) D:7            Lair (6/6) D:9
  Swamp (0/4) Lair:4       Spider (0/4) Lair:4        Slime (0/5) Lair:6
    Orc (2/2) D:12            Elf (0/3) Orc:2

Altars:
Ashenzari
Cheibriados
Dithmenos
Elyvilon
Fedhas
Gozag
Hepliaklqana
Kikubaaqudgha
Makhleb
Nemelex Xobeh
Okawaru
Qazlal
Ru
Sif Muna
Trog
Uskayaw
Vehumet
Wu Jian
Xom
Yredelemnul
Zin
The Shining One
Jiyva

Shops:
D:6 %   D:7 %?   D:10 ?%   Orc:2 =[(*

Annotations:
Lair:1 exclusion: hydra
Orc:1 1 exclusion


Innate Abilities, Weirdness & Mutations

You have a pair of horns on your head.
You regenerate health from kills.
You are mostly covered in sharp spines.
When seriously injured, your bleeding wounds create very thick armour. (AC +12)
You possess an exceptional clarity of mind.
You are somewhat resistant to further mutation.


Message History

The orc warlord is struck by your spines.
The orc warlord hits you with a bardiche of venom!!
The orc high priest calls down the wrath of Beogh upon you.
Pain shoots through your body!
A troll comes into view.
You feel sick.
The orc warlord hits you from afar with a bardiche of venom!!
* * * LOW HITPOINT WARNING * * *
The troll shouts!
Okay, then.
As you read the scroll of fear, it crumbles to dust.
You assume a fearsome visage.
The hellwing is unaffected.
The soul eater is unaffected.
The orc warlord resists with some effort.
The orc knight looks frightened!
The orc high priest resists with almost no effort.
The troll resists with some effort.
The orc sorcerer looks frightened!
You feel sick.
The soul eater draws from the surrounding life force!
You die...

...[.....#...............##
)).......#...T............#
.....#o..................##**
#.........................#,**
...#.#.###.#.3.o4...###....,,*
#.###### ####.......##*....,**
### #..o.o....#....#** ###
##........#..### ##.##
####@.........#* #...##
##.#........* ##.#.##
#...........** ** ###.##.#
##.#.........****, ##.#....#
##.......#..#,*,. ## #..#....###
##.............. .#####........#
###....P.........
.##.##.......####.............#..
..#............##.P...........#..


You could see an orc warlord, an orc knight (fleeing), a soul eater, an orc high
priest, a hellwing and a troll.

Vanquished Creatures
  Gastronok (Orc:1)
  Kirke (Lair:4)
  Donald (Orc:2)
  An orc warlord (Orc:2)
  A yaktaur captain (D:10)
  A minotaur (Lab)
  The ghost of sankara the Fighter, a journeyman BaFi of Ashenzari (Lair:1)
  A great orb of eyes (D:10)
  Harold (D:11)
  A centaur warrior (D:12)
  4 hydras
  6 two-headed ogres
  10 death yaks
  A deep troll earth mage (D:10)
  5 orc high priests (Orc:2)
  Nergalle (Orc:1)
  A deep troll (D:12)
  The ghost of nono the Skirmisher, a novice VSHu of Okawaru (Bailey)
  4 orc knights
  An orb spider (Lair:4)
  5 orc sorcerers
  A cyclops (D:10)
  3 ugly things
  6 elephants (Lair:5)
  2 black mambas
  2 gargoyles
  22 spiny frogs
  A rime drake (Lair:6)
  5 komodo dragons
  A queen bee (shapeshifter) (D:10)
  8 trolls
  A hornet (D:10)
  3 polar bears (D:8)
  3 tyrant leeches (Lair:6)
  The ghost of Grendel the Skirmisher, an amateur HuWn (D:4)
  12 hippogriffs
  2 dream sheep (D:8)
  16 blink frogs
  3 wyverns
  A wraith (D:12)
  41 yaks
  5 basilisks
  5 hogs (Lair:4)
  2 hungry ghosts
  6 vampire mosquitoes
  Menkaure (D:7)
  5 wargs
  15 water moccasins
  A soldier ant (D:10)
  7 porcupines
  A hornet zombie (D:10)
  26 orc warriors
  6 ice beasts
  2 black bears
  2 phantoms
  2 sky beasts
  A necrophage (D:10)
  9 ogres
  A centaur (D:6)
  19 wolves
  11 crocodiles
  6 big kobolds
  A gnoll sergeant (D:9)
  29 bullfrogs
  A scorpion (D:5)
  15 killer bees
  4 wights
  10 electric eels
  5 howler monkeys
  2 crimson imps (D:8)
  9 hounds
  2 jellies
  2 centaur skeletons
  16 orc priests
  13 orc wizards
  3 bullfrog skeletons
  Ijyb (D:3)
  An iguana (D:10)
  12 worker ants
  A hound zombie (D:6)
  A hound skeleton (D:8)
  A killer bee simulacrum (D:8)
  A howler monkey zombie (D:7)
  2 worker ant zombies
  12 adders
  19 gnolls
  A hound simulacrum (D:8)
  3 shadow imps
  3 white imps (D:8)
  A howler monkey simulacrum (D:8)
  An ufetubus (D:8)
  2 adder skeletons
  2 adder zombies
  2 worms (D:2)
  3 dart slugs
  An adder simulacrum (D:8)
  7 leopard geckos
  61 orcs
  A ball python (D:5)
  5 giant cockroaches
  15 goblins
  11 hobgoblins
  9 jackals
  A quokka (D:10)
  A ball python skeleton (D:3)
  4 bats
  5 frilled lizards
  A jackal skeleton (D:4)
  A jackal zombie (D:6)
  34 kobolds
  A quokka skeleton (D:10)
  13 rats
  A plant (Lair:3)
669 creatures vanquished.

Vanquished Creatures (others)
  5 dream sheep (D:5)
  2 bushes (D:12)
  21 fungi
  27 plants
55 creatures vanquished.

Grand Total: 724 creatures vanquished

Notes
Turn   | Place    | Note
-------+----------+-------------------------------------------
     0 | D:1      | Alarkh the Demonspawn Monk began the quest for the Orb.
     0 | D:1      | Reached XP level 1. HP: 18/18 MP: 1/1
   373 | D:1      | Reached skill level 3 in Long Blades
   389 | D:1      | Gained mutation: When seriously injured, your bleeding wounds create armour. (AC +12) [demonic ancestry]
   389 | D:1      | Reached XP level 2. HP: 20/24 MP: 2/2
   892 | D:2      | Reached XP level 3. HP: 21/29 MP: 3/3
  1669 | D:2      | Gained mutation: You regenerate a little health from kills. [demonic ancestry]
  1669 | D:2      | Reached XP level 4. HP: 15/36 MP: 4/4
  2920 | D:3      | Noticed Ijyb
  2933 | D:3      | Killed Ijyb
  2933 | D:3      | Reached skill level 4 in Long Blades
  2990 | D:3      | Reached XP level 5. HP: 32/42 MP: 5/5
  3048 | D:5      | Entered Level 5 of the Dungeon
  3048 | D:5      | Noticed a hippogriff
  3049 | D:5      | Gained mutation: You possess an exceptional clarity of mind. [potion of mutation]
  3049 | D:5      | Gained mutation: You are somewhat resistant to further mutation. [potion of mutation]
  3156 | D:4      | Noticed Grendel's ghost (amateur HuWn)
  3300 | D:5      | Killed a hippogriff
  3300 | D:5      | Reached skill level 5 in Long Blades
  3300 | D:5      | Gained mutation: You regenerate health from kills. [demonic ancestry]
  3300 | D:5      | Reached XP level 6. HP: 14/49 MP: 6/6
  3442 | D:5      | Gained mutation: When seriously injured, your bleeding wounds create thick armour. (AC +12) [demonic ancestry]
  3442 | D:5      | Reached XP level 7. HP: 17/55 MP: 7/7
  3525 | D:5      | Noticed a dream sheep
  3525 | D:5      | Noticed a dream sheep
  3525 | D:5      | Noticed a dream sheep
  3525 | D:5      | Noticed a dream sheep
  3525 | D:5      | Noticed a dream sheep
  3525 | D:5      | Found a shimmering altar of Xom.
  3530 | D:5      | Killed a dream sheep
  3530 | D:5      | Killed a dream sheep
  3530 | D:5      | Killed a dream sheep
  3530 | D:5      | Killed a dream sheep
  3530 | D:5      | Killed a dream sheep
  4318 | D:3      | Reached skill level 5 in Fighting
  5030 | D:4      | Reached skill level 6 in Long Blades
  5728 | D:6      | Reached skill level 5 in Dodging
  5728 | D:6      | Reached XP level 8. HP: 40/63 MP: 8/8
  5832 | D:6      | Found Lamoqie's Food Boutique.
  6003 | D:6      | Reached skill level 7 in Long Blades
  6401 | D:7      | Found a staircase to the Ecumenical Temple.
  6408 | Temple   | Entered the Ecumenical Temple
  6570 | Temple   | Became a worshipper of Warmaster Okawaru
  6570 | Temple   | Reached * piety under Okawaru
  6570 | Temple   | Reached ** piety under Okawaru
  6729 | D:7      | Found Wuokk's Food Emporium.
  6769 | D:7      | Reached skill level 8 in Long Blades
  6808 | D:7      | Gained mutation: You are partially covered in sharp spines. [demonic ancestry]
  6808 | D:7      | Reached XP level 9. HP: 50/71 MP: 9/9
  6862 | D:7      | Noticed Menkaure
  6876 | D:7      | Killed Menkaure
  7228 | D:7      | Found Vieghuul's Magic Scroll Boutique.
  7239 | D:7      | Reached *** piety under Okawaru
  7242 | D:7      | Bought a scroll of identify for 26 gold pieces
  7242 | D:7      | Bought 2 scrolls of fear for 91 gold pieces
  7242 | D:7      | Bought a scroll of teleportation for 39 gold pieces
  7242 | D:7      | Bought a scroll of magic mapping for 45 gold pieces
  7242 | D:7      | Bought a scroll of identify for 26 gold pieces
  7242 | D:7      | Bought a scroll of fear for 45 gold pieces
  7852 | D:4      | Killed Grendel's ghost
  7852 | D:4      | Reached skill level 9 in Long Blades
  7971 | D:8      | Noticed a two-headed ogre
  8069 | D:8      | Noticed a polar bear
  8076 | D:8      | Killed a two-headed ogre
  8133 | D:8      | Killed a polar bear
  8133 | D:8      | Reached **** piety under Okawaru
  8251 | D:8      | Got a crystal dagger
  8266 | D:7      | Identified the +6 dagger of True Grit {venom, Str+7} (You found it on level 8 of the Dungeon)
  8287 | D:8      | Noticed a three-headed hydra
  8345 | D:8      | Gained mutation: You have a pair of small horns on your head. [demonic ancestry]
  8345 | D:8      | Reached XP level 10. HP: 48/80 MP: 10/10
  8451 | D:8      | Reached skill level 10 in Long Blades
  8596 | D:8      | Noticed a death yak
  8631 | D:8      | Killed a death yak
  8631 | D:8      | Reached ***** piety under Okawaru
  8818 | D:8      | Killed a three-headed hydra
  8818 | D:8      | Received a gift from Okawaru
  8818 | D:8      | Reached skill level 11 in Long Blades
  8976 | D:8      | Gained mutation: You are mostly covered in sharp spines. [demonic ancestry]
  8976 | D:8      | Reached XP level 11. HP: 54/89 MP: 9/11
  9479 | D:9      | Found a staircase to the Lair.
  9650 | D:9      | Found a flagged portal.
  9661 | Bailey   | Entered a bailey
  9703 | Bailey   | Noticed nono's ghost (novice VSHu)
  9719 | Bailey   | Killed nono's ghost
 10013 | D:9      | Noticed a two-headed ogre
 10217 | D:9      | Identified a scroll of acquirement
 10295 | D:9      | Found a glowing silver altar of Zin.
 10754 | D:9      | Noticed a two-headed ogre
 10773 | D:9      | Killed a two-headed ogre
 11079 | D:9      | Killed a two-headed ogre
 11079 | D:9      | Reached skill level 12 in Long Blades
 11314 | Lair:1   | Entered Level 1 of the Lair of Beasts
 11342 | Lair:1   | Noticed sankara's ghost (journeyman BaFi)
 11454 | Lair:1   | Killed sankara's ghost
 11454 | Lair:1   | Reached skill level 10 in Fighting
 11541 | Lair:1   | Noticed a seven-headed hydra
 11546 | Lair:1   | You fall through a shaft!
 12819 | Lair:2   | Received a gift from Okawaru
 13088 | Lair:3   | Reached XP level 12. HP: 93/98 MP: 12/12
 13190 | Lair:3   | Reached skill level 13 in Long Blades
 13583 | Lair:3   | Noticed a death yak
 13584 | Lair:3   | Noticed a death yak
 13586 | Lair:3   | Noticed a death yak
 13596 | Lair:3   | Killed a death yak
 13603 | Lair:3   | Killed a death yak
 13609 | Lair:3   | Killed a death yak
 13609 | Lair:3   | Reached skill level 10 in Dodging
 14087 | Lair:4   | Noticed Kirke
 14089 | Lair:4   | Received a gift from Okawaru
 14099 | Lair:4   | Killed Kirke
 14101 | Lair:4   | Got an ichor-stained hat {god gift}
 14107 | Lair:4   | Identified the +4 hat of Peek-a-Boo {+Inv} (Okawaru gifted it to you on level 4 of the Lair of Beasts)
 14297 | Lair:4   | Reached skill level 14 in Long Blades
 14338 | Lair:4   | Found a hole to the Spider Nest.
 14583 | Lair:4   | Found a staircase to the Swamp.
 15068 | Lair:5   | Reached ****** piety under Okawaru
 15068 | Lair:5   | Gained mutation: When seriously injured, your bleeding wounds create very thick armour. (AC +12) [demonic ancestry]
 15068 | Lair:5   | Reached XP level 13. HP: 104/106 MP: 13/13
 15819 | Lair:6   | Entered Level 6 of the Lair of Beasts
 16038 | Lair:6   | Reached skill level 15 in Long Blades
 16064 | Lair:6   | Received a gift from Okawaru
 16065 | Lair:6   | Got a crude triple sword {god gift}
 16066 | Lair:6   | Identified the +1 triple sword "Jeafuoxt" {venom, rC+ SInv} (Okawaru gifted it to you on level 6 of the Lair of Beasts)
 16084 | Lair:6   | Found a viscous altar of Jiyva.
 16084 | Lair:6   | Found a staircase to the Slime Pits.
 16213 | Lair:6   | Reached skill level 1 in Shields
 16782 | Lair:6   | Received a gift from Okawaru
 17167 | Lair:6   | Reached XP level 14. HP: 96/116 MP: 12/14
 17680 | Lair:2   | Learned a level 5 spell: Aura of Abjuration
 17713 | D:10     | Entered Level 10 of the Dungeon
 17925 | D:10     | Found Moiryn's Food Boutique.
 18016 | D:10     | Found Aluarrex's Magic Scroll Shoppe.
 18024 | D:10     | Bought 3 scrolls of teleportation for 135 gold pieces
 18024 | D:10     | Bought a scroll of blinking for 112 gold pieces
 18579 | D:10     | Got a translucent pewter ring
 18770 | D:10     | Got a warped flail
 18784 | D:10     | Identified the ring "Lamum" {Ice +Inv rPois Str+3} (You took it off a yaktaur captain on level 10 of the Dungeon)
 19030 | D:11     | Noticed Harold
 19041 | D:11     | Killed Harold
 19041 | D:11     | Reached skill level 5 in Shields
 19156 | D:11     | Received a gift from Okawaru
 19222 | D:11     | Reached skill level 16 in Long Blades
 19859 | D:12     | Found a staircase to the Orcish Mines.
 20156 | D:12     | Reached skill level 1 in Invocations
 20375 | Orc:1    | Entered Level 1 of the Orcish Mines
 20415 | Orc:1    | Noticed Nergalle
 20424 | Orc:1    | Noticed Gastronok
 20426 | Orc:1    | Killed Nergalle
 20426 | Orc:1    | Reached skill level 1 in Evocations
 20427 | Orc:1    | Reached skill level 1 in Armour
 20438 | Orc:1    | Killed Gastronok
 20564 | Orc:1    | Received a gift from Okawaru
 21271 | Orc:2    | Entered Level 2 of the Orcish Mines
 21271 | Orc:2    | Found Lerog's Jewellery Shoppe.
 21366 | Orc:2    | Noticed an orc warlord
 21371 | Orc:2    | Noticed Donald
 21448 | Orc:2    | Found a staircase to the Elven Halls.
 21453 | Orc:2    | Found Guadgh's Antique Weapon Emporium.
 21470 | Orc:2    | Found Bashriat's Antique Armour Emporium.
 21475 | Orc:2    | Found a labyrinth entrance.
 21484 | Lab      | Entered a labyrinth
 22407 | Lab      | Got a faintly humming ring mail
 22436 | Lab      | Identified the +3 ring mail of the Harvest Moon {MR+ Dex-2 SInv} (You took it off a minotaur in a labyrinth)
 22593 | Orc:2    | Noticed an orc warlord
 22614 | Orc:2    | Noticed an orc warlord
 22804 | Orc:2    | Found Baypp's General Store.
 22823 | Orc:2    | Gained mutation: You have a pair of horns on your head. [demonic ancestry]
 22823 | Orc:2    | Reached XP level 15. HP: 115/122 MP: 9/17
 22842 | Orc:2    | Killed Donald
 23117 | Orc:2    | Killed an orc warlord
 23379 | Orc:2    | Killed from afar by a soul eater

Vault maps used:
D:1:      dpeg_arrival_three_smaller_balls
D:3:      uniq_iyjb
D:5:      gup_sewer_entry_spiral, first_bread, kb_xom_exploding_sheep
D:6:      serial_shops, kennysheep_mini
D:7:      minmay_temple_entry_butterflies, serial_shops, shop,
          nicolae_shop_crystal, uniq_menkaure
D:8:      serial_ice, serial_ice_a, serial_ice_k, serial_ice_d, serial_ice_g,
          serial_ice_o, serial_ice_m, hangedman_ranch
D:9:      zin_treasury, lair_entry_dummy, enter_bailey_3, kennysheep_boxes
D:10:     serial_shops, shop, shop_scrolls, minmay_the_grid_4x2
D:11:     nicolae_sextant, uniq_harold
D:12:     orc_0_dummy, minmay_hedge_maze
Temple:   kilobyte_greek_temple
Lair:2:   grunt_forest_small_clearing_treed
Lair:3:   beast_lair_carwin_5
Lair:4:   swamp_mist, nicolae_spider_entry_orb_guardian,
          infiniplex_staircase_pool_2, lemuel_fruit_fields, uniq_kirke
Lair:6:   minmay_lair_end_frog_pond, slime_altar_1
Orc:1:    guppyfry_orc_lava_fort, uniq_gastronok, uniq_nergalle
Orc:2:    grunt_orc_gardens, grunt_orc_garden, grunt_orc_garden,
          grunt_orc_garden, grunt_orc_garden, lab_entry_generic, uniq_sonja,
          uniq_donald
Lab:      labyrinth_watery
Bailey:   bailey_axe_2, bailey

Skill      XL: |  1  2  3  4  5  6  7  8  9 10 11 12 13 14 15 |
---------------+----------------------------------------------+-----
Long Blades    | 3 4 5 6 8 9 11 12 14 15 16 | 16.0
Dodging        | 3 4 5 7 8 9 10 11 | 11.8
Fighting       | 4 5 6 7 9 10 11 12 13 | 13.0
Shields        | 3 6 7 |  7.2
Stealth        | 3 4 |  4.0
Invocations    | 2 3 |  3.9
Evocations     | 2 |  2.8
Armour         | 2 3 |  3.0

Action                   |  1- 3 |  4- 6 |  7- 9 | 10-12 | 13-15 || total
-------------------------+-------+-------+-------+-------+-------++-------
Melee: Falchion          |    96 |       |       |       |       ||    96
       Long sword        |     8 |   134 |   315 |       |       ||   457
       Scimitar          |       |       |   155 |   427 |       ||   582
       Dagger            |       |       |     8 |    23 |    25 ||    56
       Punch             |       |       |     1 |       |     1 ||     2
       Headbutt          |       |       |       |   164 |   210 ||   374
       Great sword       |       |       |       |   166 |   758 ||   924
Invok: Heroism           |       |       |     6 |    17 |    26 ||    49
       Finesse           |       |       |       |     2 |     3 ||     5
Evoke: Wand              |       |     7 |     7 |     1 |       ||    15
  Use: Potion            |     2 |     2 |       |     2 |     2 ||     8
       Scroll            |       |     7 |    12 |    10 |    13 ||    42
 Stab: Sleeping          |     2 |     3 |     9 |     7 |     2 ||    23
       Distracted        |       |     1 |       |     2 |     2 ||     5
       Fleeing           |       |       |       |       |     1 ||     1
  Eat: Chunk             |     2 |     6 |    18 |    23 |    25 ||    74
       Fruit             |       |       |       |     1 |     2 ||     3
Armor: Robe              |    20 |    36 |   150 |    40 |       ||   246
       Leather armour    |       |       |       |    27 |    92 ||   119
       Ring mail         |       |       |       |       |    81 ||    81
       Troll leather arm |       |       |       |       |    10 ||    10
       Skin              |       |       |       |       |     2 ||     2
Dodge: Dodged            |    79 |   105 |   348 |   485 |   699 ||  1716
       Rpst.: Falchion   |    24 |       |       |       |       ||    24
       Long sword        |       |    36 |    71 |       |       ||   107
       Scimitar          |       |       |    29 |    89 |       ||   118
       Great sword       |       |       |       |    40 |   177 ||   217
